 Dungeon Crawl Stone Soup version 0.26.1-11-gd32895ea62 (webtiles) character file.

Game seed: 14911110467627823477

13412 Destapler the Blocker (level 11, -1/157 HPs)
             Began as a Troll Berserker on July 1, 2021.
             Was a High Priest of Trog.
             Killed by mirror damage (4 damage)
             ... on level 11 of the Dungeon.
             The game lasted 00:34:41 (9190 turns).

Destapler the Blocker (Troll Berserker)             Turns: 9190, Time: 00:34:42

Health: -1/157     AC: 13    Str: 30    XL:     11   Next: 75%
Magic:  10/10      EV: 11    Int:  6    God:    Trog [*****.]
Gold:   440        SH: 11    Dex:  9    Spells: 10/10 levels left

rFire    + . .     SeeInvis .     - Unarmed
rCold    + . .     Faith    +   j - +0 kite shield
rNeg     . . .     Spirit   .   K - +2 acid dragon scales
rPois    +         Reflect  .   E - +0 hat {Int+3}
rElec    .         Harm     .   (no cloak)
rCorr    +         Rampage  .   (gloves unavailable)
Will     .....                  (boots unavailable)
Stlth    ..........             x - amulet of faith
HPRegen  0.76/turn              q - ring of poison resistance
MPRegen  0.12/turn              (no ring)

@: berserking, very quick
A: large, unfitting armour, claws 3, cold resistance 1, fire resistance 1,
regeneration 1, shaggy fur 1, tough skin 3
a: Renounce Religion, Berserk, Trog's Hand, Brothers in Arms


You were on level 11 of the Dungeon.
You worshipped Trog.
Trog was extremely pleased with you.
You visited 1 branch of the dungeon, and saw 11 of its levels.
You also visited: Ossuary.

You collected 560 gold pieces.
You spent 120 gold pieces at shops.

Inventory:

Hand Weapons
 H - a +0 scimitar of flaming
Missiles
 a - 2 boomerangs
 z - 53 poisoned darts
 C - 3 throwing nets (quivered)
 P - 7 curare-tipped darts
 S - 3 datura-tipped darts
Armour
 j - a +0 kite shield (worn)
 m - a +0 robe of willpower
 E - a +0 hat of intelligence (worn)
 G - a +2 robe of fire resistance
 K - +2 acid dragon scales (worn)
 Q - a +1 robe of cold resistance
 R - a +0 robe of positive energy
Jewellery
 q - a ring of poison resistance (left claw)
 x - an amulet of faith (around neck)
Wands
 y - a wand of digging (4)
 L - a wand of disintegration (13)
 O - a wand of iceblast (6)
Scrolls
 b - 5 scrolls of remove curse
 d - 15 scrolls of identify
 e - 3 scrolls of magic mapping
 g - 3 scrolls of enchant armour
 o - 7 scrolls of teleportation
 p - 6 scrolls of immolation
 t - 2 scrolls of amnesia
 w - a scroll of vulnerability
 I - 2 scrolls of summoning
 M - 2 scrolls of fear
Potions
 f - 6 potions of curing
 h - 6 potions of heal wounds
 i - 2 potions of mutation
 n - 3 potions of brilliance {unknown}
 r - 3 potions of lignification {unknown}
 s - 2 potions of might {unknown}
 u - 4 potions of attraction {unknown}
 v - 2 potions of ambrosia {unknown}
 D - 2 potions of haste {unknown}
 F - a potion of magic {unknown}


   Skills:
 + Level 6.1 Fighting
 + Level 6.7 Throwing
 + Level 4.0 Armour
 - Level 6.0 Dodging
 - Level 9.0 Shields
 + Level 7.4 Unarmed Combat
 + Level 4.7 Evocations


You had 10 spell levels left.
You didn't know any spells.
Your spell library contained the following spells:

 Spells                   Type           Power        Failure   Level
 Animate Skeleton         Necr           0%           52%         1
 Apportation              Tloc           0%           52%         1
 Corona                   Hex            0%           52%         1
 Summon Small Mammal      Summ           0%           52%         1
 Confusing Touch          Hex            0%           87%         3
 Gell's Gravitas          Tloc           0%           87%         3
 Petrify                  Tmut/Erth      0%           99%         4
 Metabolic Englaciation   Hex/Ice        0%           100%        5
 Yara's Violent Unravell  Hex/Tmut       0%           100%        5


Dungeon Overview and Level Annotations

Branches:
Dungeon (11/15)            Temple (0/1) D:6         Ossuary (visited)
   Lair: D:8-11         Orc: D:9-12

Altars:
Ashenzari
Dithmenos
Elyvilon
Fedhas
Gozag
Hepliaklqana
Makhleb
Okawaru
Qazlal
Ru
Trog
Uskayaw
Vehumet
Zin

Shops:
D:9 !   D:10 }   D:11 (

Annotations:
D:7 exclusion: statue
D:11 1 runed translucent door


Innate Abilities, Weirdness & Mutations

You are too large for most types of armour.
You have claws for hands.
Your natural rate of healing is unusually fast.
You are covered in fur. (AC +1)
You have extremely tough skin. (AC +3)
Your flesh is cold resistant. (rC+)
Your flesh is heat resistant. (rF+)


Message History

The centaur shoots an arrow.
Something hits you but does no damage.
You barely miss the death knight.
The death knight is severely wounded.
The death knight hits you with a +0 great sword!
* * * LOW HITPOINT WARNING * * *
Something hits you.
* * * LOW HITPOINT WARNING * * *
You mangle the death knight!!
The death knight is almost dead.
You barely miss the death knight.
The death knight is almost dead.
The centaur shoots an arrow.
The arrow hits you but does no damage.
The death knight offers itself to Yredelemnul, and fills with unholy energy.
Something hits you.
* * * LOW HITPOINT WARNING * * *
You claw the death knight!
You kill the death knight!
Trog accepts your kill.
Your damage is reflected back at you!
You die...

.# ###########.#..# #... .#
#..............# #.<#
.###.######.....#####.#.## #..#
........................# #..#
.##########.....##############..#
.# #......# ##........ .#
#.####.# ##..###+### .#
#.####(######..## # .#
#.#...@)......## .#
#...###(###..##
.##########..##..c..##.#
....†.......##.#####.###
.#########.##(## .# .# #..#p## ..
.# #...#(# .. ## #####..+.)H..⌠))
# #.. ...#.#c.....


You could see a centaur.

Vanquished Creatures
  Gastronok (D:8)
  Snorg (D:11)
  Fannar (D:10)
  Harold (D:10)
  A centaur warrior (D:11)
  Erica (D:8)
  3 two-headed ogres
  A death knight (D:11)
  Pikel (D:8)
  Maggie (D:8)
  A troll (D:9)
  A slime creature (D:11)
  A shadow (D:10)
  4 yaks (D:9)
  Sigmund (D:2)
  A vampire (D:9)
  4 vampire mosquitoes (D:11)
  A steam dragon (D:8)
  2 ice beasts
  3 sky beasts
  A phantom (D:6)
  2 orc warriors
  3 necrophages
  4 ogres
  2 centaurs
  2 lemures (D:8)
  A big kobold (D:11)
  4 bullfrogs
  A wyvern skeleton (D:7)
  5 killer bees (D:8)
  4 wights (D:8)
  A howler monkey (D:4)
  2 jellies
  2 bullfrog zombies
  2 centaur zombies
  2 human zombies (Ossuary)
  A quasit (D:5)
  7 hounds
  8 orc wizards
  3 orc priests
  A bullfrog skeleton (D:5)
  2 centaur skeletons
  An iguana (D:4)
  6 worker ants
  2 big kobold zombies (Ossuary)
  2 hound skeletons
  A hound zombie (D:5)
  Robin (D:2)
  4 mummies (Ossuary)
  9 adders
  4 shadow imps
  3 white imps
  An ufetubus (D:9)
  An adder zombie (D:5)
  2 worms
  2 dart slugs (D:1)
  7 leopard geckos
  31 orcs
  5 bats
  7 giant cockroaches
  A gnoll zombie (Ossuary)
  19 goblins
  7 hobgoblins
  12 jackals
  2 quokkas
  3 ball pythons
  4 frilled lizards
  A goblin zombie (Ossuary)
  A hobgoblin zombie (Ossuary)
  16 kobolds
  2 leopard gecko zombies
  An orc zombie (Ossuary)
  16 rats
265 creatures vanquished.

Vanquished Creatures (others)
  An orc wizard (D:8)
1 creature vanquished.

Grand Total: 266 creatures vanquished

Notes
Turn   | Place    | Note
-------+----------+-------------------------------------------
     0 | D:1      | Destapler the Troll Berserker began the quest for the Orb.
     0 | D:1      | Reached XP level 1. HP: 22/22 MP: 0/0
    49 | D:1      | Reached XP level 2. HP: 29/29 MP: 1/1
   307 | D:1      | Reached ** piety under Trog
   375 | D:1      | Reached XP level 3. HP: 36/36 MP: 2/2
   498 | D:2      | Noticed Robin
   522 | D:2      | Lost intelligence.
   530 | D:2      | Killed Robin
   612 | D:2      | Noticed Sigmund
   634 | D:2      | Killed Sigmund
   635 | D:2      | Reached XP level 4. HP: 31/46 MP: 3/3
   635 | D:2      | Reached XP level 5. HP: 36/53 MP: 4/4
  1977 | D:3      | Reached *** piety under Trog
  2016 | D:3      | Reached XP level 6. HP: 61/62 MP: 5/5
  2325 | D:3      | Found a stormy altar of Qazlal.
  2477 | D:4      | Found a sand-covered staircase.
  2488 | Ossuary  | Entered an ossuary
  2652 | Ossuary  | Reached skill level 5 in Unarmed Combat
  2820 | D:4      | Found an iron altar of Okawaru.
  2830 | D:4      | Reached XP level 7. HP: 70/70 MP: 6/6
  3097 | D:5      | Entered Level 5 of the Dungeon
  3472 | D:5      | Found a white marble altar of Elyvilon.
  3504 | D:5      | Reached **** piety under Trog
  3837 | D:5      | Found a bloodstained altar of Trog.
  3901 | D:5      | Found a burning altar of Makhleb.
  4106 | D:6      | Found a hide-covered altar of Uskayaw.
  4122 | D:6      | Reached skill level 5 in Fighting
  4122 | D:6      | Reached skill level 5 in Dodging
  4137 | D:6      | Reached XP level 8. HP: 77/80 MP: 7/7
  4200 | D:6      | Got a polished leather armour
  4391 | D:6      | Found a staircase to the Ecumenical Temple.
  4416 | D:6      | Got a shimmering whip
  4419 | D:6      | Identified the cursed +1 whip of Inquiry {vorpal, *Drain
                  | rElec Str+8 Dex-4} (You found it on level 6 of the Dungeon)
  4596 | D:6      | Found a sacrificial altar of Ru.
  4849 | D:7      | Reached skill level 1 in Throwing
  4852 | D:7      | Reached skill level 1 in Shields
  4934 | D:7      | Noticed a two-headed ogre
  4940 | D:7      | Killed a two-headed ogre
  4941 | D:7      | Reached skill level 2 in Shields
  4941 | D:7      | Reached skill level 1 in Evocations
  4941 | D:7      | Reached XP level 9. HP: 88/88 MP: 8/8
  5097 | D:7      | Found an opulent altar of Gozag.
  5101 | D:7      | Found a glowing silver altar of Zin.
  5111 | D:7      | Found a broken altar of Ashenzari.
  5337 | D:7      | Found a hazy altar of Hepliaklqana.
  5413 | D:7      | Found a radiant altar of Vehumet.
  5435 | D:7      | Reached ***** piety under Trog
  5892 | D:8      | Reached skill level 3 in Shields
  5914 | D:8      | Noticed Pikel
  5922 | D:8      | Killed Pikel
  6103 | D:8      | Noticed Gastronok
  6115 | D:8      | Killed Gastronok
  6116 | D:8      | Reached skill level 5 in Throwing
  6116 | D:8      | Reached skill level 5 in Shields
  6116 | D:8      | Reached XP level 10. HP: 96/96 MP: 9/9
  6341 | D:8      | Noticed Erica
  6360 | D:8      | Killed Erica
  6361 | D:8      | Reached skill level 6 in Shields
  6515 | D:8      | Noticed a moth of wrath
  6518 | D:8      | Found a bloodstained altar of Trog.
  6518 | D:8      | Noticed Maggie
  6541 | D:8      | Killed Maggie
  6640 | D:8      | Found a shadowy altar of Dithmenos.
  6933 | D:9      | Reached skill level 7 in Shields
  7274 | D:9      | Reached skill level 8 in Shields
  7274 | D:9      | Reached XP level 11. HP: 104/104 MP: 10/10
  7382 | D:9      | Noticed a two-headed ogre
  7393 | D:9      | Killed a two-headed ogre
  7421 | D:9      | Found Hohud's Distillery.
  7424 | D:9      | Bought 2 potions of heal wounds for 120 gold pieces
  7710 | D:9      | Got a brightly glowing short sword
  7795 | D:9      | Found a blossoming altar of Fedhas.
  7860 | D:10     | Entered Level 10 of the Dungeon
  8259 | D:10     | Found Poseo's Gadget Boutique.
  8411 | D:10     | Noticed Fannar
  8430 | D:10     | Killed Fannar
  8431 | D:10     | Reached skill level 9 in Shields
  8449 | D:10     | Identified the +6 short sword "Salevah" {speed, Int+9
                  | Dex-2} (You found it on level 9 of the Dungeon)
  8453 | D:10     | Gained mutation: Your muscles are strong. (Str +2) [potion
                  | of mutation]
  8453 | D:10     | Gained mutation: You have a pair of small horns on your
                  | head. [potion of mutation]
  8454 | D:10     | Lost mutation: Your muscles are strong. (Str +2) [potion of
                  | mutation]
  8454 | D:10     | Lost mutation: You have a pair of small horns on your head.
                  | [potion of mutation]
  8454 | D:10     | Gained mutation: Your flesh is cold resistant. (rC+)
                  | [potion of mutation]
  8454 | D:10     | Gained mutation: Your flesh is heat resistant. (rF+)
                  | [potion of mutation]
  8587 | D:10     | Noticed Harold
  8606 | D:10     | Killed Harold
  8853 | D:11     | Found Jammo's Antique Weapon Shoppe.
  8857 | D:11     | Found a runed translucent door.
  8875 | D:11     | Noticed Snorg
  8889 | D:11     | Killed Snorg
  9131 | D:11     | Noticed a centaur warrior
  9139 | D:11     | Killed a centaur warrior
  9141 | D:11     | Noticed a wizard
  9141 | D:11     | Noticed a death knight
  9141 | D:11     | Noticed a two-headed ogre
  9147 | D:11     | Killed a two-headed ogre
  9187 | D:11     | HP: 6/157 [death knight/+0 great sword (7)]
  9190 | D:11     | Killed a death knight
  9190 | D:11     | Killed by mirror damage

Illustrated notes

Levels and vault maps discovered:
D:1:      minmay_arrival_radiant_lines, layout_rooms
D:2:      layout_basic, uniq_robin, uniq_sigmund
D:3:      layout_rooms, marbit_many_paths
D:4:      layout_rooms, okawaru_ov_weapons_minmay, enter_ossuary_1
D:5:      layout_basic, lemuel_coloured_pillars_altar, lemuel_crystal_altar,
          elyvilon_altar_3
D:6:      layout_rooms, kennysheep_little_box,
          nicolae_ru_great_annihilating_truth,
          minmay_temple_entry_statues_pillars, chequers_avenue
D:7:      layout_loops_ring, vehumet_statue, overflow_temple_1_default,
          gammafunk_temple_overflow_forgotten
D:8:      layout_basic, general_overflow_altar, tgw_trog, uniq_maggie,
          uniq_erica, uniq_pikel, uniq_gastronok
D:9:      layout_loops_ring, fedhas_altar_fruit_tree, serial_shops,
          kennysheep_mini_moat
D:10:     layout_layer_cave, serial_shops, shop, uniq_harold, uniq_fannar
D:11:     minmay_the_grid_octo_triangle [minmay_the_grid_octo_checkerflower,
          minmay_the_grid_octo_prize_big_c,
          minmay_the_grid_octo_vomiting_pacman], layout_loops_ring,
          lair_entry_dummy, ebering_ghost_reflecting_pool, serial_shops,
          nicolae_shop_temple_entry_statues_fountains, uniq_snorg

Skill      XL: |  1  2  3  4  5  6  7  8  9 10 11 |
---------------+----------------------------------+-----
Fighting       | 3 4 5 6 |  6.1
Dodging        | 3 4 5 6 |  6.0
Unarmed Combat | 4 5 6 7 |  7.4
Throwing       | 2 5 6 |  6.7
Shields        | 2 5 8 9 |  9.0
Armour         | 2 3 4 |  4.0
Evocations     | 1 4 |  4.7

Action                   |  1- 3 |  4- 6 |  7- 9 | 10-12 || total
-------------------------+-------+-------+-------+-------++-------
Melee: Unarmed           |   123 |   135 |   287 |   322 ||   867
       Punch             |     2 |     1 |     3 |       ||     6
       Whip              |       |       |    34 |       ||    34
Throw: Dart              |       |       |       |     8 ||     8
       Throwing net      |       |       |       |     1 ||     1
Invok: Berserk           |     2 |     1 |     5 |    10 ||    18
       Trog's Hand       |       |       |     3 |    11 ||    14
  Use: Potion            |     2 |       |       |     2 ||     4
       Scroll            |       |     4 |     1 |    13 ||    18
 Stab: Paralysed         |       |       |     1 |       ||     1
       Distracted        |       |       |     1 |       ||     1
Armor: Animal skin       |    52 |     7 |       |       ||    59
       Robe              |       |    24 |    66 |    24 ||   114
       Skin              |       |     1 |       |       ||     1
       Acid dragon scale |       |       |       |    29 ||    29
Dodge: Dodged            |    61 |    62 |   117 |   111 ||   351
Block: Kite shield       |       |       |    77 |   145 ||   222
